[Event "AUT-ch U18 Boys 2022"]
[Site "Sankt Veit an der Glan"]
[Date "2022.04.10"]
[Round "1"]
[White "Schernthaner, David"]
[Black "Martetschlaeger, Stefan"]
[Result "1-0"]
[ECO "B31"]
[WhiteElo "2213"]
[BlackElo "1679"]
[Annotator "RC"]
[PlyCount "91"]
[EventDate "2022.04.11"]
[EventType "swiss"]
[EventCountry "AUT"]
[SourceTitle "playchess.com"]
[Source "ChessBase"]
[SourceQuality "1"]
[TimeControl "5400+30"]

1. e4 c5 2. Nf3 Nc6 3. Bb5 g6 4. O-O Bg7 5. Nc3 Nf6 6. e5 Ng4 7. Bxc6 dxc6 8. Re1 O-O 9. d3 Nh6 10. h3 Nf5 11. Ne4 b6 12. b3 Nd4 13. Bb2 Be6 14. c4 Qc7 15. Nxd4 cxd4 16. f4 c5 17. Qf3 Bc8 18. Bc1 Bb7 19. Bd2 Bh6 20. Re2 Rae8 21. Qf2 Qd7 22. Rae1 Bg7 23. g4 f5 24. exf6 exf6 25. f5 g5 26. b4 Qc6 27. b5 Qd7 28. Qh2 h6 29. a4 Re5 30. Nxf6+ Bxf6 31. Rxe5 Bxe5 32. Qxe5 Ba8 33. Qe6+ Qxe6 34. Rxe6 Kg7 35. Rg6+ Kh7 36. Kf2 Bb7 37. h4 Bc8 38. hxg5 hxg5 39. Rxg5 Rg8 40. Rxg8 Kxg8 41. Bf4 Kf7 42. Bb8 a6 43. Bc7 Kf6 44. Bxb6 Kg5 45. Bxc5 Kxg4 46. f6 1-0

[Event "AUT-ch U18 Boys 2022"]
[Site "Sankt Veit an der Glan"]
[Date "2022.04.10"]
[Round "1"]
[White "Ilijic, Mihajilo"]
[Black "Braun, Hagen"]
[Result "1-0"]
[ECO "C64"]
[WhiteElo "2079"]
[BlackElo "1252"]
[Annotator "NA RC"]
[PlyCount "85"]
[EventDate "2022.04.11"]
[EventType "swiss"]
[EventCountry "AUT"]
[SourceTitle "playchess.com"]
[Source "ChessBase"]
[SourceQuality "1"]
[TimeControl "5400+30"]

1. e4 e5 2. Nf3 Nc6 3. Bb5 Bc5 4. O-O d6 5. a3 Nf6 6. Nc3 O-O 7. d3 h6 8. Be3 Bb6 9. h3 Nd4 10. Bxd4 Bxd4 11. Nxd4 exd4 12. Ne2 c5 13. Bc4 Be6 14. Bxe6 fxe6 15. f4 d5 16. e5 Nd7 17. Ng3 Rc8 18. Qg4 Rc6 19. Rae1 Rf7 20. h4 Qc7 21. f5 exf5 22. Rxf5 Rxf5 23. Qxf5 Nf8 24. Nh5 g6 25. Nf6+ Kf7 26. Qf3 Qd8 27. Nxd5+ Kg7 28. Rf1 Qe8 29. Nf6 Qe7 30. Nd5 Qe8 31. Nf4 Ne6 32. Nxe6+ Rxe6 33. Qxb7+ Re7 34. Qa6 Rxe5 35. Qxa7+ Qe7 36. Qxe7+ Rxe7 37. Kf2 Kf7 38. Re1 Rb7 39. b3 c4 40. bxc4 Rb2 41. Re2 Ra2 42. Kf3 Rxa3 43. Ke4 1-0

[Event "AUT-ch U18 Boys 2022"]
[Site "Sankt Veit an der Glan"]
[Date "2022.04.10"]
[Round "1"]
[White "Weichhart, Daniel"]
[Black "Lotz, Dominik"]
[Result "1-0"]
[ECO "A30"]
[WhiteElo "2032"]
[BlackElo "1583"]
[Annotator "NA RC"]
[PlyCount "57"]
[EventDate "2022.04.11"]
[EventType "swiss"]
[EventCountry "AUT"]
[SourceTitle "playchess.com"]
[Source "ChessBase"]
[SourceQuality "1"]
[TimeControl "5400+30"]

1. c4 c5 2. Nf3 Nc6 3. Nc3 e6 4. d4 cxd4 5. Nxd4 a6 6. g3 Nge7 7. Bg2 Qc7 8. b3 Nxd4 9. Qxd4 Nc6 10. Qd2 Qa5 11. Bb2 Ba3 12. O-O Bxb2 13. Qxb2 O-O 14. Rad1 Rd8 15. Rd6 Qc7 16. Rfd1 Ne7 17. h4 Rb8 18. a4 b6 19. Qd2 Kf8 20. Rd3 Ng6 21. h5 Ne5 22. Rd6 Ng4 23. Qg5 Nh6 24. Rc6 f6 25. Qxg7+ Kxg7 26. Rxc7 Kf7 27. Ne4 Ke7 28. Nd6 f5 29. Bc6 1-0

[Event "AUT-ch U18 Boys 2022"]
[Site "Sankt Veit an der Glan"]
[Date "2022.04.10"]
[Round "1"]
[White "Stadlinger, Matthias"]
[Black "Loreth, Thomas"]
[Result "1-0"]
[ECO "A01"]
[WhiteElo "2013"]
[BlackElo "1628"]
[Annotator "NA RC"]
[PlyCount "71"]
[EventDate "2022.04.11"]
[EventType "swiss"]
[EventCountry "AUT"]
[SourceTitle "playchess.com"]
[Source "ChessBase"]
[SourceQuality "1"]
[TimeControl "5400+30"]

1. b3 Nc6 2. Bb2 Nf6 3. e3 d5 4. f4 a5 5. a4 e6 6. Nf3 Bd7 7. Be2 Bd6 8. O-O Ne7 9. Ne5 Ng6 10. d3 c6 11. Nd2 Qb6 12. d4 Ne7 13. Bd3 Nf5 14. Qf3 O-O 15. g4 Ne7 16. g5 Bxe5 17. fxe5 Ne8 18. Ba3 Qd8 19. Bxh7+ Kxh7 20. Qh5+ Kg8 21. g6 Nxg6 22. Bxf8 Nxf8 23. Qxf7+ Kh7 24. Qh5+ Kg8 25. Rxf8+ Kxf8 26. Qh8+ Ke7 27. Rf1 Qb6 28. Qh4+ Nf6 29. exf6+ gxf6 30. Qxf6+ Kd6 31. Qe5+ Ke7 32. Qg7+ Kd6 33. Rf7 c5 34. Rxd7+ Kc6 35. Qe7 Rg8+ 36. Kh1 1-0

[Event "AUT-ch U18 Boys 2022"]
[Site "Sankt Veit an der Glan"]
[Date "2022.04.10"]
[Round "1"]
[White "Schilcher, Marcel"]
[Black "Kristoferitsch, Daniel"]
[Result "0-1"]
[ECO "A47"]
[WhiteElo "1671"]
[BlackElo "2253"]
[Annotator "RC"]
[PlyCount "64"]
[EventDate "2022.04.11"]
[EventType "swiss"]
[EventCountry "AUT"]
[SourceTitle "playchess.com"]
[Source "ChessBase"]
[SourceQuality "1"]
[TimeControl "5400+30"]

1. d4 Nf6 2. Bf4 b6 3. e3 Bb7 4. Nf3 g6 5. c4 Bg7 6. Nc3 O-O 7. Be2 d6 8. Qd2 Nbd7 9. h4 Nh5 10. Bh2 e5 11. d5 a5 12. O-O-O Nc5 13. Ng5 Nf6 14. Rdf1 h6 15. Nf3 c6 16. Kb1 Nce4 17. Nxe4 Nxe4 18. Qd3 Nc5 19. Qd2 cxd5 20. cxd5 Qd7 21. Ne1 Ne4 22. Qd3 Nc5 23. Qd2 Rfc8 24. f3 e4 25. Nc2 b5 26. Na3 Ba6 27. Rc1 Na4 28. Rxc8+ Rxc8 29. Qxa5 Bxb2 30. Qxa6 Bxa3 31. Bxb5 Nc3+ 32. Ka1 Nxb5 0-1

[Event "AUT-ch U18 Boys 2022"]
[Site "Sankt Veit an der Glan"]
[Date "2022.04.10"]
[Round "1"]
[White "Marte, Lukas"]
[Black "Hechl, Fabian"]
[Result "0-1"]
[ECO "C55"]
[WhiteElo "1614"]
[BlackElo "2023"]
[Annotator "NA RC"]
[PlyCount "80"]
[EventDate "2022.04.11"]
[EventType "swiss"]
[EventCountry "AUT"]
[SourceTitle "playchess.com"]
[Source "ChessBase"]
[SourceQuality "1"]
[TimeControl "5400+30"]

1. e4 e5 2. Nf3 Nc6 3. Bc4 Nf6 4. d3 h6 5. O-O d6 6. a4 g6 7. Nbd2 Bg7 8. Re1 O-O 9. c3 d5 10. Ba2 dxe4 11. dxe4 a5 12. Qc2 b6 13. Nc4 Nh5 14. Be3 Be6 15. Bb3 g5 16. h3 Qf6 17. Nh2 Qg6 18. g4 Nf4 19. Bxf4 exf4 20. f3 Rfd8 21. Rad1 Bf8 22. Nf1 Bc5+ 23. Kg2 Rxd1 24. Rxd1 Qf6 25. Nfd2 Rd8 26. Nb1 Rxd1 27. Qxd1 Qd8 28. Qc2 Ne7 29. Ne5 Qd6 30. Nc4 Bxc4 31. Bxc4 Ng6 32. Nd2 Nh4+ 33. Kf1 Be3 34. Ke2 Qc5 35. Bb3 Bg1 36. Qd3 Qf2+ 37. Kd1 Ng2 38. Bxf7+ Kg7 39. b3 Qe1+ 40. Kc2 Qa1 0-1

[Event "AUT-ch U18 Boys 2022"]
[Site "Sankt Veit an der Glan"]
[Date "2022.04.10"]
[Round "1"]
[White "Liotta, Marcel"]
[Black "Buchegger, Fridolin"]
[Result "0-1"]
[ECO "A48"]
[WhiteElo "1551"]
[BlackElo "2010"]
[Annotator "NA RC"]
[PlyCount "134"]
[EventDate "2022.04.11"]
[EventType "swiss"]
[EventCountry "AUT"]
[SourceTitle "playchess.com"]
[Source "ChessBase"]
[SourceQuality "1"]
[TimeControl "5400+30"]

1. d4 Nf6 2. Nf3 g6 3. e3 Bg7 4. Bd3 d6 5. O-O O-O 6. b3 e5 7. dxe5 Ng4 8. Nbd2 Nc6 9. a3 Ncxe5 10. Rb1 b6 11. Bb2 Bb7 12. Nxe5 Nxe5 13. Be2 Qe7 14. Nf3 Rad8 15. c4 d5 16. Bxe5 Bxe5 17. Nxe5 Qxe5 18. Qe1 dxc4 19. Bxc4 Qg5 20. f3 b5 21. h4 Qc5 22. Be2 Qxe3+ 23. Kh1 a6 24. Rb2 Rfe8 25. Qc1 Qxc1 26. Rxc1 Re7 27. Rbc2 Bd5 28. Rd2 c6 29. b4 Rde8 30. Bd3 Re1+ 31. Rxe1 Rxe1+ 32. Kh2 Ra1 33. Rc2 Rxa3 34. Be4 Bc4 35. Bxc6 Rb3 36. Bb7 Rxb4 37. Bxa6 Ra4 38. Bb7 Ra2 39. Rc1 Rb2 40. Kg1 Kg7 41. Ba6 Bd3 42. Rc5 Kf6 43. f4 Bc4 44. h5 Ke6 45. hxg6 hxg6 46. Rxc4 bxc4 47. Bxc4+ Ke7 48. g3 Rc2 49. Bf1 Rd2 50. Bc4 f6 51. Kf1 Kd6 52. Bf7 g5 53. fxg5 fxg5 54. Bh5 Ke5 55. Be2 Ke4 56. Kf2 Rb2 57. Kf1 Rxe2 58. Kxe2 g4 59. Kf2 Kd3 60. Kf1 Ke3 61. Kg2 Ke2 62. Kg1 Kf3 63. Kh2 Kf2 64. Kh1 Kxg3 65. Kg1 Kf3 66. Kf1 g3 67. Kg1 g2 0-1

[Event "AUT-ch U18 Boys 2022"]
[Site "Sankt Veit an der Glan"]
[Date "2022.04.10"]
[Round "1"]
[White "Pribozic, Manuel"]
[Black "Cafasso, Elia"]
[Result "0-1"]
[ECO "C56"]
[WhiteElo "1543"]
[BlackElo "2061"]
[Annotator "NA RC"]
[PlyCount "78"]
[EventDate "2022.04.11"]
[EventType "swiss"]
[EventCountry "AUT"]
[SourceTitle "playchess.com"]
[Source "ChessBase"]
[SourceQuality "1"]
[TimeControl "5400+30"]

1. e4 e5 2. Nf3 Nc6 3. d4 exd4 4. Bc4 Nf6 5. e5 d5 6. Bb5 Ne4 7. Nxd4 Bd7 8. Bxc6 bxc6 9. O-O Bc5 10. Be3 Bb6 11. f3 Ng5 12. f4 Ne4 13. Nd2 Nxd2 14. Qxd2 c5 15. Nb3 d4 16. Bf2 Bc6 17. c4 a5 18. a4 O-O 19. f5 f6 20. Bh4 Qe8 21. exf6 gxf6 22. Rae1 Qh5 23. Qf4 Rae8 24. Re6 Rxe6 25. Qg3+ Kf7 26. fxe6+ Kxe6 27. Qh3+ f5 28. Re1+ Kd7 29. Re7+ Kc8 30. Nxc5 Rg8 31. Bg3 Qxh3 32. gxh3 f4 33. Ne4 Bxe4 34. Rxe4 d3+ 35. Kf1 fxg3 36. hxg3 Rxg3 37. Rg4 Rxg4 38. hxg4 Be3 39. Ke1 c5 0-1

[Event "AUT-ch U18 Boys 2022"]
[Site "Sankt Veit an der Glan"]
[Date "2022.04.10"]
[Round "2"]
[White "Kristoferitsch, Daniel"]
[Black "Stadlinger, Matthias"]
[Result "1-0"]
[ECO "A21"]
[WhiteElo "2253"]
[BlackElo "2013"]
[Annotator "RC"]
[PlyCount "98"]
[EventDate "2022.04.11"]
[EventType "swiss"]
[EventCountry "AUT"]
[SourceTitle "playchess.com"]
[Source "ChessBase"]
[SourceQuality "1"]
[TimeControl "5400+30"]

1. c4 d6 2. Nc3 e5 3. g3 f5 4. Bg2 Nf6 5. d4 e4 6. f3 exf3 7. Nxf3 g6 8. O-O Bg7 9. Bg5 O-O 10. Qd2 c6 11. Kh1 Qb6 12. Be3 Nbd7 13. d5 c5 14. Rae1 Ng4 15. Bf4 Nde5 16. b3 Bd7 17. Ng5 Qa5 18. Rc1 Nf7 19. Ne6 Rfe8 20. Nxg7 Kxg7 21. Qb2 Nge5 22. Bd2 Qb6 23. Qc2 Re7 24. h3 Rae8 25. Rf2 Kg8 26. Rcf1 Qd8 27. Bc1 a6 28. a4 Bc8 29. Qd2 Qb6 30. Qc2 Qb4 31. Bd2 Qb6 32. Kh2 Qc7 33. Bc1 Qd7 34. Qd2 Rf8 35. Bb2 Nd8 36. e4 Ref7 37. exf5 Rxf5 38. Ne4 Qe7 39. g4 Rxf2 40. Rxf2 Rxf2 41. Qxf2 Ndf7 42. Qf6 Kf8 43. Bxe5 Qxe5+ 44. Qxe5 dxe5 45. Nxc5 Ke7 46. a5 Nd6 47. Kg3 Kf6 48. Bf3 h5 49. gxh5 Nf5+ 1-0

[Event "AUT-ch U18 Boys 2022"]
[Site "Sankt Veit an der Glan"]
[Date "2022.04.10"]
[Round "2"]
[White "Cafasso, Elia"]
[Black "Tumanyan, Gor"]
[Result "1/2-1/2"]
[ECO "B72"]
[WhiteElo "2061"]
[BlackElo "1818"]
[Annotator "NA RC"]
[PlyCount "93"]
[EventDate "2022.04.11"]
[EventType "swiss"]
[EventCountry "AUT"]
[SourceTitle "playchess.com"]
[Source "ChessBase"]
[SourceQuality "1"]
[TimeControl "5400+30"]

1. e4 c5 2. Nf3 g6 3. d4 cxd4 4. Nxd4 Bg7 5. Nc3 Nc6 6. Be3 Nf6 7. Bc4 O-O 8. O-O d6 9. h3 Bd7 10. Bb3 Nxd4 11. Bxd4 Bc6 12. Re1 e5 13. Be3 Nxe4 14. Nxe4 Bxe4 15. Qd2 Qc7 16. Rad1 Rfc8 17. Qxd6 Qxd6 18. Rxd6 Bxc2 19. Bxc2 Rxc2 20. Red1 h5 21. Rd7 Rxb2 22. Rc7 e4 23. Bf4 Rb6 24. Rdd7 Rf8 25. Bd6 Rxd6 26. Rxd6 Be5 27. Rdd7 Bxc7 28. Rxc7 Rb8 29. Kf1 Kg7 30. Ke2 a5 31. a4 Rd8 32. Ke3 Rd3+ 33. Kxe4 Rb3 34. Kd4 b5 35. axb5 Rxb5 36. Ra7 Rb2 37. Ke3 Ra2 38. Ra6 g5 39. Kf3 Ra3+ 40. Ke4 Ra2 41. Kf3 f6 42. g4 hxg4+ 43. hxg4 a4 44. Kg3 a3 45. f3 Ra1 46. Ra7+ Kg6 47. Kg2 1/2-1/2

[Event "AUT-ch U18 Boys 2022"]
[Site "Sankt Veit an der Glan"]
[Date "2022.04.10"]
[Round "2"]
[White "Hechl, Fabian"]
[Black "Ilijic, Mihajilo"]
[Result "0-1"]
[ECO "B15"]
[WhiteElo "2023"]
[BlackElo "2079"]
[Annotator "NA RC"]
[PlyCount "68"]
[EventDate "2022.04.11"]
[EventType "swiss"]
[EventCountry "AUT"]
[SourceTitle "playchess.com"]
[Source "ChessBase"]
[SourceQuality "1"]
[TimeControl "5400+30"]

1. e4 c6 2. d4 d5 3. Nc3 dxe4 4. Nxe4 Nf6 5. Nxf6+ exf6 6. c3 Bd6 7. Bd3 O-O 8. Qc2 Re8+ 9. Ne2 h5 10. Be3 Nd7 11. O-O-O Nf8 12. Kb1 Be6 13. c4 b5 14. cxb5 Qa5 15. Nc3 cxb5 16. d5 Bg4 17. Rd2 Rac8 18. Qb3 Bd7 19. Ne4 Bb4 20. Rdd1 Ng6 21. a3 Bf8 22. d6 Ne5 23. Nc5 Bc6 24. d7 Nxd7 25. Nxd7 Bxd7 26. Bh7+ Kxh7 27. Rxd7 b4 28. Qxf7 Qf5+ 29. Ka2 bxa3 30. Bd4 axb2 31. Rd5 b1=Q+ 32. Rxb1 Qc2+ 33. Rb2 Qa4+ 34. Kb1 Re1# 0-1

[Event "AUT-ch U18 Boys 2022"]
[Site "Sankt Veit an der Glan"]
[Date "2022.04.10"]
[Round "2"]
[White "Buchegger, Fridolin"]
[Black "Schernthaner, David"]
[Result "0-1"]
[ECO "E08"]
[WhiteElo "2010"]
[BlackElo "2213"]
[Annotator "RC"]
[PlyCount "80"]
[EventDate "2022.04.11"]
[EventType "swiss"]
[EventCountry "AUT"]
[SourceTitle "playchess.com"]
[Source "ChessBase"]
[SourceQuality "1"]
[TimeControl "5400+30"]

1. d4 Nf6 2. c4 e6 3. Nf3 d5 4. g3 Bb4+ 5. Bd2 Be7 6. Bg2 O-O 7. O-O c6 8. Qc2 Nbd7 9. Bf4 b6 10. Nbd2 Bb7 11. e4 dxc4 12. Nxc4 c5 13. e5 Nd5 14. Rfd1 Rc8 15. Qe2 b5 16. Ne3 c4 17. a4 a6 18. Nd2 Nxe3 19. Bxb7 Nxd1 20. Rxd1 Qb6 21. Bxc8 Rxc8 22. axb5 axb5 23. Ne4 Qc6 24. Bg5 Bf8 25. Qg4 b4 26. Bh6 c3 27. bxc3 bxc3 28. Rd3 c2 29. Bc1 Qd5 30. Rf3 Nxe5 31. Nf6+ Kh8 32. Nxd5 Nxg4 33. Nb6 Rc7 34. Na4 Ra7 35. Nc3 Ba3 36. Nb5 Bxc1 37. Rc3 Ra8 38. Rxc2 Bh6 39. Nd6 Kg8 40. Rc7 Rf8 0-1

[Event "AUT-ch U18 Boys 2022"]
[Site "Sankt Veit an der Glan"]
[Date "2022.04.10"]
[Round "2"]
[White "Koestner, Laurin"]
[Black "Schilcher, Marcel"]
[Result "0-1"]
[ECO "B52"]
[WhiteElo "1746"]
[BlackElo "1671"]
[Annotator "NA RC"]
[PlyCount "62"]
[EventDate "2022.04.11"]
[EventType "swiss"]
[EventCountry "AUT"]
[SourceTitle "playchess.com"]
[Source "ChessBase"]
[SourceQuality "1"]
[TimeControl "5400+30"]

1. e4 c5 2. Nf3 d6 3. Bb5+ Bd7 4. Bxd7+ Qxd7 5. c4 Nc6 6. Nc3 g6 7. d4 cxd4 8. Nxd4 Bg7 9. Be3 Nf6 10. f3 O-O 11. O-O Rfd8 12. Rc1 b6 13. b3 Rac8 14. Qd3 Ne8 15. Rc2 Nb4 16. Qe2 Nxc2 17. Qxc2 Nc7 18. Qf2 Ne6 19. Nde2 Nc5 20. g4 Rf8 21. Qh4 e6 22. Bh6 Qd8 23. Bg5 f6 24. Be3 f5 25. Bg5 Bf6 26. Bxf6 Qxf6 27. g5 Qe7 28. Ng3 a6 29. Kg2 Qg7 30. Rc1 Nd3 31. Rc2 Ne1+ 0-1

[Event "AUT-ch U18 Boys 2022"]
[Site "Sankt Veit an der Glan"]
[Date "2022.04.10"]
[Round "2"]
[White "Blasge, Tobias"]
[Black "Weichhart, Daniel"]
[Result "1-0"]
[ECO "D35"]
[WhiteElo "1736"]
[BlackElo "2032"]
[Annotator "NA RC"]
[PlyCount "69"]
[EventDate "2022.04.11"]
[EventType "swiss"]
[EventCountry "AUT"]
[SourceTitle "playchess.com"]
[Source "ChessBase"]
[SourceQuality "1"]
[TimeControl "5400+30"]

1. d4 d5 2. c4 c6 3. Nf3 Nf6 4. Nc3 e6 5. cxd5 exd5 6. Bg5 h6 7. Bh4 Bf5 8. Qb3 Nbd7 9. e3 Qb6 10. Nd2 Bd6 11. Be2 O-O 12. Bg3 Ne8 13. Rc1 Ndf6 14. O-O Bxg3 15. hxg3 Nd6 16. Na4 Qc7 17. Nc5 Qe7 18. Rfe1 g5 19. Bd3 Bxd3 20. Qxd3 Kg7 21. f3 Rae8 22. g4 Rh8 23. e4 b6 24. exd5 Qxe1+ 25. Rxe1 Rxe1+ 26. Kf2 Rhe8 27. Nce4 Ndxe4+ 28. Nxe4 Nxe4+ 29. fxe4 R1xe4 30. dxc6 R4e6 31. d5 Rd6 32. Kf3 Rc8 33. Ke4 Re8+ 34. Kd4 Kf8 35. Qf5 1-0

[Event "AUT-ch U18 Boys 2022"]
[Site "Sankt Veit an der Glan"]
[Date "2022.04.10"]
[Round "2"]
[White "Martetschlaeger, Stefan"]
[Black "Liotta, Marcel"]
[Result "1-0"]
[ECO "B38"]
[WhiteElo "1679"]
[BlackElo "1551"]
[Annotator "NA RC"]
[PlyCount "40"]
[EventDate "2022.04.11"]
[EventType "swiss"]
[EventCountry "AUT"]
[SourceTitle "playchess.com"]
[Source "ChessBase"]
[SourceQuality "1"]
[TimeControl "5400+30"]

1. e4 c5 2. Nf3 Nc6 3. d4 cxd4 4. Nxd4 g6 5. c4 Bg7 6. Be3 Nf6 7. Nc3 O-O 8. Be2 d6 9. f3 Bd7 10. O-O Qb6 11. Bf2 Qa5 12. Qd2 Rac8 13. a3 Ne5 14. b3 a6 15. Rac1 Rfd8 16. Rfd1 Qc7 17. Nc2 b5 18. Nb4 bxc4 19. Nbd5 Nxd5 20. Nxd5 c3 1-0

[Event "AUT-ch U18 Boys 2022"]
[Site "Sankt Veit an der Glan"]
[Date "2022.04.10"]
[Round "2"]
[White "Braun, Hagen"]
[Black "Marte, Lukas"]
[Result "0-1"]
[ECO "C55"]
[WhiteElo "1252"]
[BlackElo "1614"]
[Annotator "NA RC"]
[PlyCount "72"]
[EventDate "2022.04.11"]
[EventType "swiss"]
[EventCountry "AUT"]
[SourceTitle "playchess.com"]
[Source "ChessBase"]
[SourceQuality "1"]
[TimeControl "5400+30"]

1. e4 e5 2. Nf3 Nc6 3. Bc4 Nf6 4. d3 h6 5. Nc3 d6 6. h3 g6 7. Be3 Bg7 8. Qd2 Qe7 9. a3 Be6 10. Bb3 O-O-O 11. Nd5 Bxd5 12. exd5 Nd4 13. O-O-O Nxb3+ 14. cxb3 Nxd5 15. Kb1 Kb8 16. Rhe1 Nxe3 17. fxe3 Rhe8 18. Rc1 e4 19. dxe4 Qxe4+ 20. Ka2 Re7 21. Nd4 Rde8 22. Qb4 c5 23. Qa4 Qxg2 24. Re2 Qe4 25. Rce1 cxd4 26. exd4 Qxe2 27. Rxe2 Rxe2 28. Qd7 Ka8 29. Qxd6 Rd2 30. Qd7 Rf8 31. d5 Rxb2+ 32. Ka1 Rxb3+ 33. Ka2 Rb2+ 34. Ka1 a6 35. d6 Ka7 36. h4 Re8 0-1

[Event "AUT-ch U18 Boys 2022"]
[Site "Sankt Veit an der Glan"]
[Date "2022.04.11"]
[Round "3"]
[White "Schernthaner, David"]
[Black "Blasge, Tobias"]
[Result "1-0"]
[ECO "B12"]
[WhiteElo "2213"]
[BlackElo "1736"]
[Annotator "RC"]
[PlyCount "63"]
[EventDate "2022.04.11"]
[EventType "swiss"]
[EventCountry "AUT"]
[SourceTitle "playchess.com"]
[Source "ChessBase"]
[SourceQuality "1"]
[TimeControl "5400+30"]

1. e4 c6 2. d4 d5 3. e5 Bf5 4. Nd2 e6 5. Nb3 Nd7 6. Nf3 h6 7. Be2 a6 8. Be3 Qc7 9. O-O g5 10. Ne1 O-O-O 11. f4 f6 12. Bd3 Bxd3 13. Nxd3 Kb8 14. Qh5 Bg7 15. Nbc5 Nf8 16. Rae1 Qe7 17. Bd2 b6 18. Nb3 Qe8 19. Qxe8 Rxe8 20. fxg5 hxg5 21. exf6 Bxf6 22. Ne5 Kc7 23. a4 a5 24. c3 Rh7 25. Nc1 Nd7 26. Ng4 Bd8 27. Ne5 Nh6 28. Ncd3 Nf5 29. Nxc6 Kxc6 30. Rxf5 exf5 31. Rxe8 Bf6 32. Re6+ 1-0

[Event "AUT-ch U18 Boys 2022"]
[Site "Sankt Veit an der Glan"]
[Date "2022.04.11"]
[Round "3"]
[White "Ilijic, Mihajilo"]
[Black "Kristoferitsch, Daniel"]
[Result "0-1"]
[ECO "B43"]
[WhiteElo "2079"]
[BlackElo "2253"]
[Annotator "RC"]
[PlyCount "96"]
[EventDate "2022.04.11"]
[EventType "swiss"]
[EventCountry "AUT"]
[SourceTitle "playchess.com"]
[Source "ChessBase"]
[SourceQuality "1"]
[TimeControl "5400+30"]

1. e4 c5 2. Nf3 e6 3. Nc3 a6 4. d4 cxd4 5. Nxd4 b5 6. Bd3 Qb6 7. Nb3 Qc7 8. O-O Bb7 9. Be3 Nf6 10. a3 Be7 11. Qe2 O-O 12. Rad1 d6 13. f3 Nbd7 14. Qf2 Rac8 15. Rd2 d5 16. exd5 Nxd5 17. Nxd5 Bxd5 18. Rfd1 Ne5 19. Be2 Nc4 20. Bxc4 bxc4 21. Nd4 c3 22. bxc3 Bxa3 23. Ne2 Bd6 24. Qh4 Be5 25. Bd4 a5 26. Bxe5 Qxe5 27. Qd4 Qb8 28. Qh4 Qa7+ 29. Qd4 Qa8 30. Ra1 Rc4 31. Qe3 a4 32. Ra3 Qb8 33. Rd4 Qb5 34. Kf2 Ra8 35. Rd1 Qb2 36. Qc1 Qb6+ 37. Qe3 Qd6 38. Rda1 Qxh2 39. Ng3 Qh4 40. Qe5 h6 41. Rh1 Qe7 42. Nh5 f6 43. Qg3 e5 44. Rd1 Rd8 45. Rda1 Bc6 46. Kg1 Be8 47. Qh3 Bd7 48. Qg3 Qf7 0-1

[Event "AUT-ch U18 Boys 2022"]
[Site "Sankt Veit an der Glan"]
[Date "2022.04.11"]
[Round "3"]
[White "Weichhart, Daniel"]
[Black "Cafasso, Elia"]
[Result "0-1"]
[ECO "E09"]
[WhiteElo "2032"]
[BlackElo "2061"]
[Annotator "NA RC"]
[PlyCount "40"]
[EventDate "2022.04.11"]
[EventType "swiss"]
[EventCountry "AUT"]
[SourceTitle "playchess.com"]
[Source "ChessBase"]
[SourceQuality "1"]
[TimeControl "5400+30"]

1. d4 Nf6 2. Nf3 e6 3. g3 d5 4. Bg2 Be7 5. c4 c6 6. O-O O-O 7. Nbd2 Nbd7 8. Qc2 b6 9. e4 dxe4 10. Nxe4 Bb7 11. Ne5 Nxe5 12. dxe5 Nxe4 13. Qxe4 Qc7 14. Be3 Rab8 15. c5 Bxc5 16. Bxc5 bxc5 17. Rfc1 Qb6 18. b3 Rfd8 19. Qc2 Rd4 20. Qxc5 Rd1+ 0-1

[Event "AUT-ch U18 Boys 2022"]
[Site "Sankt Veit an der Glan"]
[Date "2022.04.11"]
[Round "3"]
[White "Stadlinger, Matthias"]
[Black "Martetschlaeger, Stefan"]
[Result "1-0"]
[ECO "B31"]
[WhiteElo "2013"]
[BlackElo "1679"]
[Annotator "NA RC"]
[PlyCount "79"]
[EventDate "2022.04.11"]
[EventType "swiss"]
[EventCountry "AUT"]
[SourceTitle "playchess.com"]
[Source "ChessBase"]
[SourceQuality "1"]
[TimeControl "5400+30"]

1. e4 c5 2. Nf3 Nc6 3. Bb5 g6 4. O-O Bg7 5. c3 Nf6 6. Re1 O-O 7. d4 cxd4 8. cxd4 a6 9. Bf1 d6 10. h3 b5 11. a4 b4 12. b3 a5 13. Bb2 Bb7 14. Nbd2 Rc8 15. Rc1 e6 16. Bb5 Nd7 17. Nc4 Nf6 18. e5 Ne8 19. Qe2 d5 20. Ne3 Qb6 21. Rc2 Nc7 22. Bd3 Ne7 23. Rec1 Nf5 24. g4 Nxe3 25. Qxe3 f6 26. exf6 Bxf6 27. Ne5 Qd6 28. Rc5 Qe7 29. Rxa5 Bg5 30. Qe1 Bxc1 31. Bxc1 Qh4 32. Qe3 Ne8 33. Bd2 Nd6 34. Bxb4 Rc1+ 35. Kg2 h5 36. Bxd6 hxg4 37. Bxf8 gxh3+ 38. Kh2 Ra1 39. Qf3 Ra2 40. Qf7+ 1-0

[Event "AUT-ch U18 Boys 2022"]
[Site "Sankt Veit an der Glan"]
[Date "2022.04.11"]
[Round "3"]
[White "Tumanyan, Gor"]
[Black "Hechl, Fabian"]
[Result "1-0"]
[ECO "C07"]
[WhiteElo "1818"]
[BlackElo "2023"]
[Annotator "NA RC"]
[PlyCount "63"]
[EventDate "2022.04.11"]
[EventType "swiss"]
[EventCountry "AUT"]
[SourceTitle "playchess.com"]
[Source "ChessBase"]
[SourceQuality "1"]
[TimeControl "5400+30"]

1. e4 e6 2. d4 d5 3. Nd2 c5 4. Ngf3 cxd4 5. exd5 Qxd5 6. Bc4 Qd6 7. O-O Nf6 8. Nb3 Nc6 9. Nbxd4 Nxd4 10. Nxd4 a6 11. Re1 Qc7 12. Bb3 Bd6 13. Nf5 Bxh2+ 14. Kh1 O-O 15. Nxg7 Rd8 16. Qf3 Kxg7 17. Bh6+ Kg6 18. c3 Nh5 19. Re4 Kxh6 20. Rh4 Qe5 21. g4 Bd7 22. Qxf7 Be8 23. Qf8+ Qg7 24. Rxh5+ Bxh5 25. g5+ Kg6 26. Bc2+ Kxg5 27. Qxg7+ Bg6 28. Kxh2 Rd5 29. Rg1+ Kf4 30. Qf6+ Bf5 31. Qg5+ Ke5 32. Qg3+ 1-0

[Event "AUT-ch U18 Boys 2022"]
[Site "Sankt Veit an der Glan"]
[Date "2022.04.11"]
[Round "3"]
[White "Schilcher, Marcel"]
[Black "Lotz, Dominik"]
[Result "0-1"]
[ECO "A40"]
[WhiteElo "1671"]
[BlackElo "1583"]
[Annotator "NA RC"]
[PlyCount "116"]
[EventDate "2022.04.11"]
[EventType "swiss"]
[EventCountry "AUT"]
[SourceTitle "playchess.com"]
[Source "ChessBase"]
[SourceQuality "1"]
[TimeControl "5400+30"]

1. d4 c6 2. Bf4 Nf6 3. e3 g5 4. Bxg5 Qa5+ 5. Qd2 Qxg5 6. Nf3 Qg7 7. Nc3 d5 8. O-O-O Bf5 9. Nh4 Bg6 10. Nxg6 hxg6 11. Bd3 e6 12. Kb1 Nbd7 13. Qe2 O-O-O 14. e4 dxe4 15. Nxe4 Nxe4 16. Bxe4 Nb6 17. c3 Kb8 18. h3 Bd6 19. Rhe1 Rhe8 20. Qc2 Bc7 21. Qb3 Qf6 22. a4 Qg5 23. Kc2 Qa5 24. Ra1 f5 25. Bf3 Nd5 26. Qc4 Bd6 27. b4 Qc7 28. Qb3 e5 29. b5 e4 30. Be2 Rc8 31. c4 Nf4 32. Bf1 c5 33. d5 Be5 34. Ra2 Red8 35. g3 Nxd5 36. cxd5 c4 37. Qb4 Rxd5 38. Be2 Qd7 39. Kc1 c3 40. Qb3 Rd8 41. h4 Rd2 42. Rd1 Rxd1+ 43. Qxd1 Qe7 44. Qb3 Bg7 45. b6 Qc5 46. bxa7+ Kxa7 47. Qb5 Bh6+ 48. Kb1 Qc7 49. Qc4 Qe5 50. Qb5 Rd5 51. Qc4 Rc5 52. Qb4 Bd2 53. Rc2 Qd5 54. Qa3 Qd4 55. f3 Ra5 56. Ra2 exf3 57. Bxf3 Qd3+ 58. Rc2 Qxf3 0-1